 Dungeon Crawl Stone Soup version 0.22-a0-460-g49b1da7 (webtiles) character file.

44 Kryn the Grave Robber (level 3, -4/24 HPs)
             Began as a Vampire Necromancer on June 9, 2018.
             Was an Initiate of Vehumet.
             Slain by 4thArraOfDagon's ghost (9 damage)
             ... on level 3 of the Dungeon.
             The game lasted 00:45:47 (3084 turns).

Kryn the Grave Robber (Vampire Necromancer)         Turns: 3084, Time: 00:45:47

Health: -4/24      AC:  7    Str:  7    XL:     3   Next: 39%
Magic:  6/6        EV: 10    Int: 18    God:    Vehumet [......]
Gold:   132        SH:  0    Dex: 14    Spells: 5/6 levels left

rFire    x . .     SeeInvis +   s - +1 dagger (venom)
rCold    + . .     Gourm    .   (no shield)
rNeg     + . .     Faith    .   i - +0 ring mail
rPois    .         Spirit   .   B - +2 hat
rElec    .         Reflect  .   (no cloak)
rCorr    .         Harm     .   (no gloves)
MR       .....                  (no boots)
Stlth    ++........             r - amulet of regeneration
HPRegen  0.48/turn              u - ring of ice
MPRegen  0.10/turn              (no ring)

@: no status effects
A: fangs 3, see invisible, unbreathing
a: Bat Form, Renounce Religion


You were on level 3 of the Dungeon.
You worshipped Vehumet.
Vehumet was noncommittal.
You were not thirsty.

You visited 1 branch of the dungeon, and saw 3 of its levels.

You collected 132 gold pieces.

Inventory:

Hand Weapons
 f - a +0 club
 j - a +0 spear
 l - a +0 whip
 m - a +0 club
 p - a +0 club
 s - a +1 dagger of venom (weapon)
 t - a +0 club
 v - a +0 short sword
 y - a +0 dagger
 A - a +0 short sword
 C - a +0 dagger
 D - a +0 blowgun
Missiles
 w - 18 stones (quivered)
 x - 30 arrows
 E - 5 poisoned needles
Armour
 a - a +0 robe
 i - a +0 ring mail (worn)
 k - a +0 robe
 q - a +0 leather armour
 z - a +0 leather armour
 B - a +2 hat (worn)
Jewellery
 r - an amulet of regeneration (around neck)
 u - a ring of ice (left hand)
Scrolls
 d - 4 scrolls of identify {unknown}
 e - a scroll of remove curse {unknown}
 n - 2 scrolls of teleportation {unknown}
 o - 2 scrolls of amnesia {unknown}
Potions
 b - a potion of degeneration {unknown}
 c - 11 potions of blood
 g - a potion of haste {unknown}
 h - 3 potions of curing {unknown}


   Skills:
 - Level 0.4 Short Blades
 + Level 2.5 Dodging
 + Level 3.4 Stealth
 - Level 0.3 Unarmed Combat
 - Level 2.2 Spellcasting
 * Level 5.1 Necromancy


You had 5 spell levels left.
You knew the following spells:

 Your Spells              Type           Power        Failure   Level  Hunger
a - Pain                  Necr           ###.         8%          1    #......

Your spell library contained the following spells:

 Spells                   Type           Power        Failure   Level  Hunger
 Animate Dead             Necr           N/A          58%         4    #####..
 Animate Skeleton         Necr           N/A          8%          1    #......
 Vampiric Draining        Necr           ###.......   22%         3    ###....
 Regeneration             Chrm/Necr      ##........   54%         3    ###....


Dungeon Overview and Level Annotations

Branches:
Dungeon (3/15)

Altars:
Cheibriados
Qazlal
Uskayaw
Vehumet

Annotations:
D:3 4thArraOfDagon's ghost, weakling MiMo


Innate Abilities, Weirdness & Mutations

You have razor-sharp teeth.
You have supernaturally acute eyesight. (SInv)
You can survive without breathing.


Message History

You closely miss 4thArraOfDagon's ghost. 4thArraOfDagon's ghost is almost destroyed. 4thArraOfDagon's ghost hits you but does no damage.
The gnoll shouts!
You hear an angry hiss. 4thArraOfDagon's ghost hits you but does no damage.
A gnoll comes into view.
The gnoll shouts!
The gnoll moves out of view.
A gnoll comes into view. It is wielding a spear.
The gnoll shouts!
You hit 4thArraOfDagon's ghost but do no damage.
Your bite misses 4thArraOfDagon's ghost. 4thArraOfDagon's ghost is almost destroyed. 4thArraOfDagon's ghost says, "They lied to you.
The Dungeon just goes down and down forever." 4thArraOfDagon's ghost hits you.
* * * LOW HITPOINT WARNING * * *
You hit 4thArraOfDagon's ghost but do no damage. 4thArraOfDagon's ghost is almost destroyed. 4thArraOfDagon's ghost hits you!
You die...

#<.# #...#
#..# #...#
#..# #....
#######..#
#....
.........#####
#.....
.######......#
#.#..#
##.###.# ...#
#W# #.##.# #@#
.. .#. #g# #.
# # ..# # ##.#
#g# #g# #.#
#.#


You could see 4thArraOfDagon's ghost and 3 gnolls.

Vanquished Creatures
  2 worms (D:2)
  An orc (D:2)
  4 bats
  A giant cockroach (D:1)
  4 hobgoblins
  A ball python (D:2)
  5 frilled lizards
  5 goblins
  6 kobolds
  11 rats
40 creatures vanquished.

Notes
Turn   | Place    | Note
-------+----------+-------------------------------------------
     0 | D:1      | Kryn the Vampire Necromancer began the quest for the Orb.
     0 | D:1      | Reached XP level 1. HP: 13/13 MP: 3/3
  1129 | D:1      | Reached XP level 2. HP: 18/19 MP: 1/5
  1682 | D:2      | Found a hide-covered altar of Uskayaw.
  2302 | D:2      | Reached skill level 5 in Necromancy
  2302 | D:2      | Reached XP level 3. HP: 24/24 MP: 2/6
  2436 | D:2      | Found a snail-covered altar of Cheibriados.
  2514 | D:2      | Found a radiant altar of Vehumet.
  2554 | D:2      | Became a worshipper of Vehumet
  2562 | D:2      | Found a stormy altar of Qazlal.
  3027 | D:3      | Noticed 4thArraOfDagon's ghost (weakling MiMo)
  3084 | D:3      | Slain by 4thArraOfDagon's ghost

Vault maps used:
D:1:      shiori_arrival_oz
D:2:      lemuel_crystal_altar, grunt_qazlal_sundering, vehumet_crystals,
          nicolae_overflow_hidden_temple
D:3:      cheibrodos_helix_gallery

Skill      XL: |  1  2 |
---------------+-------+-----
Necromancy     | 5 |  5.1
Short Blades   | |  0.4
Dodging        | |  2.5
Stealth        | |  3.4
Unarmed Combat | |  0.3
Spellcasting   | |  2.2

Action                   || total
-------------------------++-------
Melee: Unarmed           ||    37
       Bite              ||     8
       Club              ||     1
       Spear             ||    25
       Dagger            ||    40
 Cast: Pain              ||    45
  Use: Potion            ||     8
 Stab: Sleeping          ||     1
Armor: Robe              ||    11
       Ring mail         ||    32
Dodge: Dodged            ||    58

Table legend:
 A = Spawn XP
 B = Non-spawn XP
 C = Spawn XP percentage of total XP
 D = Spawn monster count
 E = Non-spawn monster count
 F = Spawn count percentage of total count
 G = Total turns spent on level
                    A         B        C        D         E        F      G
               +---------+---------+-------+---------+---------+-------+---------
         Total |       0 |      63 |   0.0 |       0 |      40 |   0.0 |  3084
               +---------+---------+-------+---------+---------+-------+---------
           D:1 |       0 |      15 |   0.0 |       0 |      11 |   0.0 |  1648
           D:2 |       0 |      44 |   0.0 |       0 |      26 |   0.0 |  1294
           D:3 |       0 |       4 |   0.0 |       0 |       3 |   0.0 |   142
               +---------+---------+-------+---------+---------+-------+---------
